 Dungeon Crawl Stone Soup version 0.29-a0-993-g4a18f31a58 (webtiles) character file.

Game seed: 16780072414177516950

1033 ytrimaz the Cleaver (level 8, -10/58 HPs)
             Began as a Formicid Fighter on Aug 3, 2022.
             Mangled by Duvessa
             ... wielding a +2 short sword of electrocution
              (20 damage)
             ... on level 5 of the Dungeon.
             The game lasted 00:05:30 (4500 turns).

ytrimaz the Cleaver (Formicid Fighter)              Turns: 4500, Time: 00:05:30

Health: -10/58     AC: 13    Str: 27    XL:     8   Next: 48%
Magic:  8/8        EV:  9    Int:  5    God:
Gold:   215        SH:  5    Dex: 18    Spells: 7/7 levels left

rFire   . . .      SeeInvis +   a - +0 war axe
rCold   . . .      Faith    .   c - +0 buckler
rNeg    . . .      Spirit   .   b - +0 scale mail
rPois   .          Reflect  .   (helmet unavailable)
rElec   .          Harm     .   o - +1 cloak
rCorr   .          Rampage  .   (no gloves)
Will    .....                   (no boots)
Stlth   ..........              (no amulet)
HPRegen 0.19/turn               h - +6 ring of dexterity
MPRegen 0.11/turn               e - +4 ring of protection

@: no status effects
A: permanent stasis, dig shafts and tunnels, antennae 3, four strong arms, dopey
1, strong 1
a: Dig, Shaft Self


You were on level 5 of the Dungeon.
You visited 1 branch of the dungeon, and saw 5 of its levels.

You collected 215 gold pieces.

Inventory:

Hand Weapons
 a - a +0 war axe (weapon)
Armour
 b - a +0 scale mail (worn)
 c - a +0 buckler (worn)
 o - a +1 cloak (worn)
Jewellery
 e - a +4 ring of protection (right hand)
 h - a +6 ring of dexterity (left hand)
 t - a ring of flight
Wands
 p - a wand of charming (9)
Scrolls
 f - a scroll of silence
 g - 2 scrolls of amnesia
 i - a scroll of butterflies
 m - a scroll of enchant armour
 r - a scroll of identify
Potions
 j - a potion of degeneration
 k - 2 potions of curing
 s - a potion of attraction
 v - a potion of brilliance


   Skills:
 - Level 3.2 Fighting
 + Level 9.6 Axes
 - Level 3.2 Armour
 - Level 4.0 Shields


You had 7 spell levels left.
You didn't know any spells.
Your spell library contained the following spells:

 Spells                   Type           Power      Damage    Failure   Level
 Magic Dart               Conj           0%         1d3       82%         1
 Searing Ray              Conj           0%         2d4       91%         2
 Fulminant Prism          Conj/Hex       0%         3d6       100%        4
 Olgreb's Toxic Radiance  Pois           0%         N/A       100%        4
 Ozocubu's Refrigeration  Ice            0%         4d7       100%        7
 Ignition                 Fire           0%         3d3       100%        8


Dungeon Overview and Level Annotations

Branches:
Dungeon (5/15)
 Temple: D:4-7

Altars:
Ru

Annotations:
D:5 Duvessa


Innate Abilities, Weirdness & Mutations

You cannot be hasted, slowed, berserked, paralysed or teleported.
You can dig through walls and to a lower floor.
You have a pair of large antennae on your head. (SInv)
Your four strong arms can wield two-handed weapons with a shield.
You are dopey. (Int -2)
Your muscles are strong. (Str +4, Int/Dex -1)


Message History

HP restored.
You climb downwards.
Level annotation: Dowan, Duvessa Dowan hits you but does no damage.
There is a stone staircase leading up here.
You slash Dowan!
Dowan is heavily wounded.
Dowan hits you but does no damage.
You slash Dowan!
Dowan is almost dead.
Dowan hits you but does no damage.
You slash Dowan!
You kill Dowan!
You hear a distant scream of rage.
No target in view!
Things that are here:
a +0 dagger; a +0 robe; the elf corpse of Dowan No target in view!
You start waiting.
Duvessa is nearby!
There is a stone staircase leading up here.
Duvessa shouts!
Duvessa goes berserk!
Duvessa rages.
You slash Duvessa!
Duvessa is lightly wounded.
Duvessa hits you with a +2 short sword of electrocution!!
You barely miss Duvessa.
Duvessa is lightly wounded.
Duvessa hits you but does no damage.
You are electrocuted!
Duvessa hits you with a +2 short sword of electrocution!
* * * LOW HITPOINT WARNING * * *
You hit Duvessa.
Duvessa is lightly wounded.
You block Duvessa's attack.
Unknown command.
As you read the scroll of butterflies, it crumbles to dust.
You hear the tinkle of a tiny bell.
Duvessa hits you with a +2 short sword of electrocution!!
You die...

## ## #. ..# #.#####.#
#.....#.# #..##b#.#
###..#bb#.#
..########....#e@#.#
..............bbbbb########
.......###.##.#bbbb........
.......# #.##.#.###########
#......# #.#..#..##
.......# #.##.#...#
#......# #....#.#.#
#......####.....##P#
####............# ...


You could see Duvessa (berserk, ally target).

Vanquished Creatures
  Grinder (D:4)
  A sky beast (D:4)
  A phantom (D:4)
  2 bullfrogs
  3 scorpions
  Dowan (D:5)
  A jelly (D:4)
  A hound (D:5)
  Crazy Yiuf (D:2)
  Terence (D:3)
  2 iguanas (D:5)
  An orc wizard (D:4)
  A mummy (D:4)
  5 adders
  A worm (D:5)
  4 orcs (D:4)
  8 ball pythons
  3 bats
  3 endoplasms
  4 giant cockroaches
  8 goblins
  4 hobgoblins (D:1)
  8 kobolds (D:1)
  3 quokkas
  3 frilled lizards
  A hobgoblin zombie (D:4)
  3 kobold zombies (D:4)
  3 rats (D:1)
78 creatures vanquished.

Vanquished Creatures (others)
  7 plants (D:1)
7 creatures vanquished.

Grand Total: 85 creatures vanquished

Notes
Turn   | Place    | Note
-------+----------+-------------------------------------------
     0 | D:1      | ytrimaz the Formicid Fighter began the quest for the Orb.
     0 | D:1      | Reached XP level 1. HP: 18/18 MP: 1/1
   207 | D:1      | Reached XP level 2. HP: 19/24 MP: 2/2
   331 | D:1      | Reached skill level 3 in Axes
   375 | D:1      | Reached XP level 3. HP: 28/29 MP: 3/3
  1300 | D:2      | Found a faded altar of an unknown god.
  1302 | D:2      | Found a sacrificial altar of Ru.
  1409 | D:2      | Found a runed translucent door.
  1410 | D:2      | Noticed Crazy Yiuf
  1615 | D:2      | Killed Crazy Yiuf
  1616 | D:2      | Reached skill level 4 in Axes
  1616 | D:2      | Reached XP level 4. HP: 21/35 MP: 4/4
  1786 | D:3      | Noticed Terence
  1798 | D:3      | Killed Terence
  2058 | D:3      | Reached XP level 5. HP: 29/41 MP: 5/5
  2165 | D:3      | Identified the +1 robe "Firamy" {SInv}
  2223 | D:3      | Noticed a bullfrog
  2231 | D:3      | Killed a bullfrog
  2232 | D:3      | Reached skill level 5 in Axes
  2768 | D:4      | Reached XP level 6. HP: 46/47 MP: 6/6
  2788 | D:4      | Reached skill level 6 in Axes
  2871 | D:4      | Reached XP level 7. HP: 42/52 MP: 7/7
  2957 | D:4      | Reached skill level 7 in Axes
  2976 | D:4      | Noticed Grinder
  2998 | D:4      | Killed Grinder
  2999 | D:4      | Reached skill level 8 in Axes
  3477 | D:4      | Reached XP level 8. HP: 58/58 MP: 8/8
  3689 | D:5      | Entered Level 5 of the Dungeon
  3772 | D:5      | Reached skill level 9 in Axes
  4205 | D:5      | Noticed Duvessa
  4205 | D:5      | Noticed Dowan
  4211 | D:5      | Gained mutation: You are dopey. (Int -2) [potion of
                  | mutation]
  4211 | D:5      | Gained mutation: Your muscles are strong. (Str +4, Int/Dex
                  | -1) [potion of mutation]
  4487 | D:5      | Killed Dowan
  4500 | D:5      | Mangled by Duvessa

Illustrated notes

Levels and vault maps discovered:
D:1:      psy_arrival_statuary, layout_basic, lexackson_kobold_supper
D:2:      layout_basic, basic_altar,
          hellmonk_ecumenical_altar_pennies_from_heaven, uniq_crazy_yiuf_cottage
D:3:      layout_loops_ring, uniq_terence
D:4:      layout_loops_cross, minmay_mini_ossuary, uniq_grinder
D:5:      old_forge, layout_basic, minmay_misc_feat_diagonals, uniq_duvessa

Skill      XL: |  1  2  3  4  5  6  7  8 |
---------------+-------------------------+-----
Axes           | 3 4 5 6 8 9 |  9.6
Fighting       | |  3.2
Armour         | |  3.2
Shields        | |  4.0

Action                   |  1- 3 |  4- 6 |  7- 9 || total
-------------------------+-------+-------+-------++-------
Melee: War axe           |    72 |    74 |    77 ||   223
 Abil: Dig               |     2 |       |       ||     2
  Use: Scroll            |       |     3 |     8 ||    11
       Potion            |       |     1 |    10 ||    11
Armor: Scale mail        |    36 |    30 |    38 ||   104
       Skin              |       |       |     2 ||     2
Dodge: Dodged            |    36 |    22 |    19 ||    77
Block: Buckler           |    24 |    19 |    17 ||    60

Table legend: (Time is in decaauts)
 A = Elapsed time spent in this place.
 B = Non-inter-level travel time spent in this place.
 C = Inter-level travel time spent in this place.
 D = Time resting spent in this place.
 E = Time spent auto-exploring this place.
 F = Levels seen in this place.
 G = Mean time per level.
                   A        B        C        D        E       F      G
               +--------+--------+--------+--------+--------+-----+--------+
         Total |   4552 |   4468 |     84 |    557 |   3139 |   5 |  910.4 |
       Dungeon |   4552 |   4468 |     84 |    557 |   3139 |   5 |  910.4 |
               +--------+--------+--------+--------+--------+-----+--------+

Top non-repeatable levels by time:
     D:4: 1183 daAuts
     D:1: 1052 daAuts
     D:3: 959 daAuts
     D:2: 760 daAuts
     D:5: 596 daAuts
